 Dungeon Crawl Stone Soup version 0.27.0-1-g7a089689b8 (webtiles) character file.

Game seed: 15355068079348730151

192 gimp the Poker (level 5, -7/32 HPs)
             Began as a Tengu Warper on Aug 7, 2021.
             Was an Initiate of Gozag.
             Killed from afar by a white imp (8 damage)
             ... with a puff of frost
             ... on level 4 of the Dungeon.
             The game lasted 00:04:34 (3367 turns).

gimp the Poker (Tengu Warper)                       Turns: 3367, Time: 00:04:34

Health: -7/32      AC:  4    Str:  9 (11) XL:     5   Next: 71%
Magic:  9/9        EV: 13    Int: 13 (14) God:    Gozag
Gold:   589        SH:  0    Dex: 11 (14) Spells: 5/8 levels left

rFire    . . .     SeeInvis .   a - +0 spear
rCold    . . .     Faith    .   (no shield)
rNeg     . . .     Spirit   .   b - +0 leather armour
rPois    +         Reflect  .   (helmet restricted)
rElec    .         Harm     .   (no cloak)
rCorr    .         Rampage  .   g - +0 pair of gloves
Will     .....                  (boots unavailable)
Stlth    +.........             (no amulet)
HPRegen  0.10/turn              h - ring of poison resistance
MPRegen  0.11/turn              (no ring)

@: brilliant, flying quickly and evasively, very slightly contaminated,
invisible, quick
A: beak, talons 3, nimble flight
a: Renounce Religion, Potion Petition, Call Merchant, Bribe Branch


You were on level 4 of the Dungeon.
You worshipped Gozag.
Gozag was pleased with you.
You visited 1 branch of the dungeon, and saw 4 of its levels.

You collected 589 gold pieces.

Inventory:

Hand Weapons
 a - a +0 spear (weapon)
Missiles
 d - 4 boomerangs of dispersal (quivered)
Armour
 b - a +0 leather armour (worn)
 g - a +0 pair of gloves (worn)
Jewellery
 h - a ring of poison resistance (left hand)
Wands
 q - a wand of digging (3)
Scrolls
 c - a scroll of blinking
 e - a scroll of teleportation {unknown}
 f - 2 scrolls of magic mapping
 l - 2 scrolls of silence {unknown}
 n - 2 scrolls of noise {unknown}
 p - a scroll of fog {unknown}
 r - a scroll of identify {unknown}
 s - a scroll of fear {unknown}
 t - a scroll of summoning {unknown}
Potions
 i - 2 potions of brilliance
 j - a potion of invisibility
 m - a potion of resistance {unknown}
 o - a potion of lignification {unknown}


   Skills:
 + Level 3.5 Fighting
 * Level 5.3 Polearms
 - Level 1.0 Throwing
 - Level 1.1 Armour
 - Level 2.1 Dodging
 + Level 2.0 Spellcasting
 - Level 2.4 Translocations


You had 5 spell levels left.
You knew the following spells:

 Your Spells              Type           Power      Damage    Failure   Level
a - Blink                 Tloc           N/A        N/A       21%         2
b - Magic Dart            Conj           4%         1d3       34%         1

Your spell library contained the following spells:

 Spells                   Type           Power      Damage    Failure   Level
 Gell's Gravitas          Tloc           5%         N/A       36%         3
 Lesser Beckoning         Tloc           5%         N/A       36%         3
 Teleport Other           Tloc           11%        N/A       36%         3
 Call Imp                 Summ           1%         N/A       45%         2
 Mephitic Cloud           Conj/Pois/Air  1%         N/A       71%         3
 Manifold Assault         Tloc           11%        N/A       98%         5


Dungeon Overview and Level Annotations

Branches:
Dungeon (4/15)
 Temple: D:4-7

Altars:
Gozag


Innate Abilities, Weirdness & Mutations

You have a beak for a mouth.
You have claws for feet.
Your magical nature lets you fly swiftly and evasively.


Message History

Health restored: 32 You pick up a book of Minor Magic and begin reading...
You add the spells Magic Dart, Call Imp and Mephitic Cloud to your library.
Memorise Blink, consuming 2 spell levels and leaving 6?
You start memorising the spell.
You continue memorising. x2
You finish memorising.
Spell assigned to 'a'.
Memorise Magic Dart, consuming 1 spell level and leaving 5?
You start memorising the spell.
You continue memorising.
You finish memorising.
Spell assigned to 'b'.
Unknown command.
You now have 589 gold pieces (gained 12).
A white imp comes into view.
A white imp is nearby!
The white imp shouts!
The white imp gestures at you. The puff of frost hits you!
You take 9 damage, and have 23/32 hp.
MASSIVE DAMAGE!!
You reach to attack!
You hit the white imp.
The white imp is moderately wounded.
The white imp gestures at you. The puff of frost hits you!
You take 11 damage, and have 12/32 hp.
MASSIVE DAMAGE!!
You are too injured to fight recklessly!
You are too injured to fight recklessly!
It was a potion of brilliance.
You feel clever all of a sudden.
It was a potion of invisibility.
You fade into invisibility!
The white imp gestures at you. The puff of frost hits you!
* * * LOW HITPOINT WARNING * * *
You are very lightly contaminated with residual magic.
You take 11 damage, and have 1/32 hp.
MASSIVE DAMAGE!!
It was a potion of degeneration.
There was something very wrong with that liquid.
You feel weakened.
You feel dopey.
You feel clumsy. The white imp gestures at you. The puff of frost hits you!
You die...
Your body crumbles into a pile of gold.

#..........#########
##..........########
.......(...........
##...........### .#
#............###.####
####.......##.#......#
..##[#####.##........#
.....# #...........#
..#### ####...@5...#
...# #........#
.#.#### #.....##...#
........ ..##.#.# ..#
...##### ##. #...# #
....... #. ##..#
...###. .. ..# ...# ##
#.# ...#


You could see a white imp.

Vanquished Creatures
  Jessica (D:2)
  4 adders
  3 gnolls (D:4)
  3 worms (D:2)
  3 dart slugs (D:2)
  5 orcs
  10 bats
  5 endoplasms
  A giant cockroach (D:4)
  5 hobgoblins
  11 jackals
  4 kobolds
  3 quokkas
  7 ball pythons
  2 frilled lizards (D:1)
  4 goblins
  A jackal skeleton (D:4)
  6 rats
  A spectral goblin (D:1)
79 creatures vanquished.

Notes
Turn   | Place    | Note
-------+----------+-------------------------------------------
     0 | D:1      | gimp the Tengu Warper began the quest for the Orb.
     0 | D:1      | Reached XP level 1. HP: 12/12 MP: 4/4
   340 | D:1      | Reached XP level 2. HP: 13/17 MP: 6/6
   518 | D:1      | Found a faded altar of an unknown god.
   528 | D:1      | Reached skill level 3 in Polearms
   531 | D:1      | Became a worshipper of Gozag Ym Sagoz the Greedy
   679 | D:1      | Reached XP level 3. HP: 20/22 MP: 7/7
  1470 | D:2      | Reached skill level 4 in Polearms
  1470 | D:2      | Reached XP level 4. HP: 27/27 MP: 8/8
  1627 | D:2      | Noticed Jessica
  1631 | D:2      | Killed Jessica
  1851 | D:2      | Gained mutation: Your magical nature lets you fly swiftly
                  | and evasively. [Tengu growth]
  1851 | D:2      | Reached XP level 5. HP: 32/32 MP: 9/9
  2699 | D:4      | Reached skill level 5 in Polearms
  2924 | D:4      | Noticed an ogre
  3298 | D:4      | Learned a level 2 spell: Blink
  3300 | D:4      | Learned a level 1 spell: Magic Dart
  3366 | D:4      | HP: 1/32 [white imp/puff of frost (11)]
  3367 | D:4      | Killed from afar by a white imp

Illustrated notes

Levels and vault maps discovered:
D:1:      amcnicky_arrival_single_pillar, layout_loops_cross,
          dreamdust_ecumenical_altar_drowned_temple
D:2:      layout_basic, uniq_jessica
D:3:      layout_rooms
D:4:      layout_basic

Skill      XL: |  1  2  3  4  5 |
---------------+----------------+-----
Polearms       | 3 4 5 |  5.3
Fighting       | 3 |  3.5
Throwing       | |  1.0
Armour         | |  1.1
Dodging        | |  2.1
Spellcasting   | |  2.0
Translocations | |  2.4

Action                   |  1- 3 |  4- 6 || total
-------------------------+-------+-------++-------
Melee: Spear             |   119 |   142 ||   261
       Kick              |    17 |    24 ||    41
       Peck              |    12 |    21 ||    33
Throw: Boomerang         |       |     1 ||     1
  Use: Potion            |     1 |     3 ||     4
       Scroll            |       |     1 ||     1
 Stab: Sleeping          |     2 |     2 ||     4
       Distracted        |       |     1 ||     1
Armor: Leather armour    |    25 |    20 ||    45
Dodge: Dodged            |    55 |    38 ||    93
